 Dungeon Crawl Stone Soup version 0.17.0-28-g6e173f8 (webtiles) character file.

40 dohliylev the Sneak (level 3, 0/16 HPs)
             Began as a Vine Stalker Enchanter on Nov 30, 2015.
             Succumbed to an adder's poison
             ... on level 2 of the Dungeon.
             The game lasted 00:04:58 (760 turns).

dohliylev the Sneak (Vine Stalker Enchanter)         Turns: 760, Time: 00:04:58

Health: 0/16       AC:  3    Str: 10    XL:     3   Next: 50%
Magic:  1/7        EV: 12    Int: 15    God:
Gold:   83         SH:  0    Dex: 15    Spells: 2 memorised, 3 levels left

rFire  . . .     SeeInvis .     a - +1 dagger
rCold  + . .     Clarity  .     b - +1 robe
rNeg   . . .     SustAt   .     (no shield)
rPois  .         Gourm    .     (no helmet)
rElec  .         Spirit   +     (no cloak)
rCorr  .         Warding  .     (no gloves)
rMut   .         Stasis   .     (no boots)
MR     .....                    (no amulet)
Stlth  +++.......               (no ring)
                                i - ring of protection from cold

@: lethally poisoned (0 -> -4), not resistant to hostile enchantments, fairly
stealthy
A: fangs 2, regeneration 1, magic shield, antimagic bite, no device heal 3, rot
immunity
a: no special abilities


You were on level 2 of the Dungeon.
You were not hungry.

You visited 1 branch of the dungeon, and saw 2 of its levels.

You collected 83 gold pieces.

Inventory:

Hand Weapons
 a - a +1 dagger (weapon)
Armour
 b - a +1 robe (worn)
Jewellery
 i - a ring of protection from cold (left hand)
 m - a cursed ring of teleportation {unknown}
Scrolls
 e - a scroll of random uselessness {unknown}
 f - a scroll of fear {unknown}
 g - 2 scrolls of recharging {unknown}
 l - 2 scrolls of identify {unknown}
Potions
 k - a potion of flight {unknown}
Books
 c - a book of Maledictions

   Spells                             Type                      Level
   a - Corona                         Hexes                        1
   b - Ensorcelled Hibernation        Hexes/Ice                    2
   c - Confuse                        Hexes                        3
   d - Tukima's Dance                 Hexes                        3
   e - Dazzling Spray                 Conjuration/Hexes            3
Comestibles
 d - a bread ration
 h - 5 chunks of flesh
 j - a meat ration


   Skills:
 + Level 1.0 Short Blades
 + Level 2.1 Dodging
 + Level 4.2 Stealth
 + Level 2.3 Spellcasting
 + Level 3.5 Hexes


You had 3 spell levels left.
You knew the following spells:

 Your Spells              Type           Power        Failure   Level  Hunger
a - Corona                Hex            ##.....      6%          1    #......
b - Ensorcelled Hibernat  Hex/Ice        #.....       17%         2    ###....


Dungeon Overview and Level Annotations

Branches:
Dungeon (2/15)

Altars:


Innate Abilities, Weirdness & Mutations

You have extremely sharp teeth.
Your natural rate of healing is unusually fast.
When hurt, damage is shared between your health and your magic reserves.
Your bite disrupts and absorbs the magic of your enemies.
Potions and wands cannot restore your health.
You are immune to rotting.


Message History

You hit the adder.
The adder is heavily wounded.
You feel sick. The adder barely misses you.
You hit the adder. You bite the adder, but do no damage.
The adder is heavily wounded.
The adder closely misses you.
You hit the adder. You bite the adder, but do no damage.
The adder is severely wounded.
* * * LOW HITPOINT WARNING * * *
You feel sick. The adder bites you.
* * * LOW HITPOINT WARNING * * *
The adder bites you.
* * * LOW HITPOINT WARNING * * *
You feel sick.
You hit the adder.
You kill the adder!
Your Short Blades skill increases to level 1!
* * * LOW HITPOINT WARNING * * *
You feel sick.
You die...

#### ######### ...
##.......#######.######
###...####...@...........
#........#[#############?
#>#...##.#.#
#.##.##....#####
#.##.#..#.......
#.##.#.....#####
#.##.#.#.#.# #.##.#.#.#.#
#### ####.##.#.#.#.#.....


There were no monsters in sight!

Vanquished Creatures
  An adder (D:2)
  A worm (D:2)
  2 bats (D:1)
  4 hobgoblins
  4 jackals (D:2)
  A ball python (D:1)
  4 giant cockroaches
  2 giant newts (D:1)
  4 kobolds (D:1)
  A quokka (D:2)
24 creatures vanquished.

Notes
Turn   | Place    | Note
--------------------------------------------------------------
     0 | D:1      | dohliylev the Vine Stalker Enchanter began the quest for the Orb.
     0 | D:1      | Reached XP level 1. HP: 9/9 MP: 4/4
   239 | D:1      | Reached XP level 2. HP: 13/13 MP: 6/6
   636 | D:2      | Reached skill level 4 in Stealth
   640 | D:2      | Reached XP level 3. HP: 16/16 MP: 5/7
   720 | D:2      | Learned a level 2 spell: Ensorcelled Hibernation
   759 | D:2      | Reached skill level 1 in Short Blades
   760 | D:2      | Succumbed to an adder's poison

Action                   || total
-------------------------++-------
Melee: Dagger            ||    90
 Cast: Corona            ||    18
       Ensorcelled Hiber ||     2
 Stab: Sleeping          ||     5
